 Dungeon Crawl Stone Soup version 0.29.1-15-g9cfb28693d (webtiles) character file.

Game seed: 8894491137707613062

256 McKennaii the Digger (level 5, 0/38 HPs)
             Began as a Demigod Earth Elementalist on Feb 25, 2023.
             Slain by an orc wizard
             ... wielding a +0 dagger
              (4 damage)
             ... on level 3 of the Dungeon.
             The game lasted 00:03:58 (3021 turns).

McKennaii the Digger (Demigod Earth Elementalist)   Turns: 3021, Time: 00:03:58

Health: 0/38       AC:  3    Str:  9    XL:     5   Next: 60%
Magic:  13/13      EV: 12    Int: 21    God:
Gold:   27         SH:  0    Dex: 14    Spells: 6/10 levels left

rFire   . . .      SeeInvis .   n - +0 short sword (protect)
rCold   . . .      Faith    .   (no shield)
rNeg    . . .      Spirit   .   a - +0 robe
rPois   .          Reflect  .   (no helmet)
rElec   .          Harm     .   (no cloak)
rCorr   .          Rampage  .   f - +0 pair of gloves
Will    .....                   (no boots)
Stlth   ++........              e - amulet of magic regeneration
HPRegen 0.12/turn               (no ring)
MPRegen 0.53/turn               (no ring)

@: mighty
A: high MP 1, forlorn, divine attributes
a: no special abilities


You were on level 3 of the Dungeon.
You visited 1 branch of the dungeon, and saw 3 of its levels.

You collected 73 gold pieces.
You spent 46 gold pieces at shops.

Inventory:

Hand Weapons
 n - a +0 short sword of protection (weapon)
Missiles
 s - 2 throwing nets
Armour
 a - a +0 robe (worn)
 f - a +0 pair of gloves (worn)
Magical Staves
 k - a staff of conjuration
Jewellery
 e - an amulet of magic regeneration (around neck)
 r - a ring of protection from cold
Scrolls
 c - a scroll of poison {unknown}
 g - 2 scrolls of immolation {unknown}
 j - a scroll of silence {unknown}
 m - a scroll of enchant weapon {unknown}
 o - 5 scrolls of identify {unknown}
 q - a scroll of amnesia {unknown}
 u - a scroll of teleportation {unknown}
Potions
 b - a potion of magic
 i - a potion of brilliance {unknown}
 p - a potion of lignification {unknown}
 t - a potion of ambrosia {unknown}


   Skills:
 - Level 1.7 Dodging
 - Level 1.7 Stealth
 + Level 3.4 Spellcasting
 + Level 2.2 Conjurations
 - Level 0.8 Transmutations
 + Level 4.3 Earth Magic


You had 6 spell levels left.
You knew the following spells:

 Your Spells              Type           Power      Damage    Failure   Level
a - Sandblast             Erth           42%        2d11      2%          1
b - Stone Arrow           Conj/Erth      34%        3d9       10%         3

Your spell library contained the following spells:

 Spells                   Type           Power      Damage    Failure   Level
 Passwall                 Tmut/Erth      11%        N/A       7%          2
 Petrify                  Tmut/Erth      14%        N/A       41%         4


Dungeon Overview and Level Annotations

Branches:
Dungeon (3/15)

Shops:
D:2 [[*


Innate Abilities, Weirdness & Mutations

You have an increased reservoir of magic. (+10% MP)
You shall have no god before yourself.
Your divine heritage dramatically boosts your attributes as you level up.


Message History

You miss something.
You hear some strange, mumbled words.
A magic dart appears from out of thin air!
The magic dart hits you.
You miss something.
You hear some strange, mumbled words.
Something tries to affect you, but you resist.
You miss something. Something hits you but does no damage.
You hear some strange, mumbled words.
A magic dart appears from out of thin air!
The magic dart hits you.
Casting: Sandblast (safe; 2% risk of failure)
Confirm with . or Enter, or press ? or * to list all spells.
Aiming: Sandblast (safe; 2% risk of failure)
Press: ? - help, Shift-Dir - straight line, f - orc
Aim: an orc, wielding a +0 falchion (83% to hit)
The blast of sand hits the orc!
You kill the orc!
You hear some strange, mumbled words.
A puff of flame appears from out of thin air!
The puff of flame hits you.
* * * LOW HITPOINT WARNING * * *
Casting: Sandblast (safe; 2% risk of failure)
Confirm with . or Enter, or press ? or * to list all spells.
You can't see any susceptible monsters within range! (Use Z to cast anyway.) Unknown command.
Casting: Sandblast (safe; 2% risk of failure)
Confirm with . or Enter, or press ? or * to list all spells.
Aiming: Sandblast (safe; 2% risk of failure)
Press: ? - help, Shift-Dir - straight line
Okay, then.
Unknown command.
You miss something. Something hits you but does no damage. Something hits you.
* * * LOW HITPOINT WARNING * * *
Something hits you.
* * * LOW HITPOINT WARNING * * *
Something barely misses you.
Found a scroll labelled MOYGUZ SAUFAIV.
Something hits you.
You die...

..## ###.##.#...
.....#### ##......#^#^
........###....####.#.
####.##...........####
#. ##)##>...#.#.#
##.###)#######.#
#####...##.# #
#..........# ##..@##.#
.###..{##.#
#..........#
#..##...#........ #?
##.##.##.#### . ...
#.# .# .... #.# #
..#### #.# . ..#


There were no monsters in sight!

Vanquished Creatures
  3 crimson imps (D:3)
  An orc wizard (D:3)
  A gnoll (D:1)
  4 adders
  4 dart slugs
  3 orcs (D:3)
  3 ball pythons
  7 bats
  5 endoplasms
  3 giant cockroaches
  4 goblins (D:1)
  5 hobgoblins
  10 jackals
  4 quokkas (D:1)
  4 frilled lizards
  5 kobolds
  5 rats
71 creatures vanquished.

Vanquished Creatures (others)
  A jackal (D:3)
1 creature vanquished.

Grand Total: 72 creatures vanquished

Notes
Turn   | Place    | Note
-------+----------+-------------------------------------------
     0 | D:1      | McKennaii the Demigod Earth Elementalist began the quest
                  | for the Orb.
     0 | D:1      | Reached XP level 1. HP: 14/14 MP: 5/5
   190 | D:1      | Reached skill level 3 in Earth Magic
   291 | D:1      | Reached XP level 2. HP: 12/20 MP: 0/7
   962 | D:1      | Reached XP level 3. HP: 21/26 MP: 6/9
  1651 | D:2      | Learned a level 3 spell: Stone Arrow
  1670 | D:2      | Found Jeoneurph's Armour Shop.
  1898 | D:2      | Found Moyrow's Assorted Antiques.
  1907 | D:2      | Bought an inky potion for 14 gold pieces
  1907 | D:2      | Bought a scroll labelled TONNER CUACHYORR for 16 gold
                  | pieces
  1907 | D:2      | Bought a scroll labelled KODYSO MEPAI for 16 gold pieces
  1956 | D:2      | Identified the +0 pair of gloves of Qaul {Harm}
  2430 | D:2      | Found Jodde's Armour Shoppe.
  2440 | D:2      | Reached skill level 1 in Conjurations
  2440 | D:2      | Reached XP level 4. HP: 33/33 MP: 9/11
  2692 | D:3      | Noticed a profane servitor
  2762 | D:3      | Reached skill level 4 in Earth Magic
  2780 | D:3      | Reached XP level 5. HP: 16/38 MP: 9/12
  3021 | D:3      | Slain by an orc wizard

Illustrated notes

Levels and vault maps discovered:
D:1:      amcnicky_arrival_feature_with_door, layout_loops_ring,
          serial_co_window_serial, co_window_corner_a,
          co_window_of_opportunity_a, co_window_paths_a, co_window_corner_a,
          co_window_paths_a, co_window_corner_a, co_window_paths_a,
          co_window_unsneaky_path_b, co_window_unsneaky_path_c,
          co_window_broadway_b, co_window_of_opportunity_b, co_window_4corner_b,
          co_window_paths_d
D:2:      layout_loops_corners, serial_shops, nicolae_shop_hallway_plus,
          nicolae_shop_advertising_works [nicolae_subvault_shop_adworks], shop,
          basic_altar, basic_ecumenical_altar
D:3:      layout_loops_ring, grunt_temple_overflow_holy_war, led_xom_imps,
          uniq_crazy_yiuf_cottage

Skill      XL: |  1  2  3  4  5 |
---------------+----------------+-----
Spellcasting   | 2 3 |  3.4
Earth Magic    | 3 4 |  4.3
Conjurations   | 1 2 |  2.2
Dodging        | |  1.7
Stealth        | |  1.7
Transmutations | |  0.8

Action                   |  1- 3 |  4- 6 || total
-------------------------+-------+-------++-------
Melee: Unarmed           |    10 |       ||    10
       Staff             |     1 |     1 ||     2
       Short sword       |       |     9 ||     9
 Cast: Sandblast         |    67 |    47 ||   114
  Use: Potion            |       |     3 ||     3
Armor: Robe              |     7 |    14 ||    21
Dodge: Dodged            |    20 |    32 ||    52
